[Event "Iceland Championship"]
[Site "Hafnarfjordur, Iceland"]
[Date "2001.09.07"]
[Round "8"]
[White "Gunnarsson, Jon"]
[Black "Gunnarsson, Arnar"]
[Result "1/2-1/2"]
[ICCResult "Game drawn by mutual agreement"]
[WhiteElo "2404"]
[BlackElo "2263"]
[Opening "Two knights defense (Modern bishop's opening)"]
[ECO "C55"]
[NIC "IG.01"]
[Time "12:51:42"]
[TimeControl "7200+0"]

1. e4 e5 2. Nf3 Nc6 3. Bc4 Nf6 4. d3 Be7 5. c3 O-O 6. Nbd2 d6 7. Bb3 Be6 8.
h3 h6 9. Nf1 d5 10. Qe2 Re8 11. Ng3 b5 12. O-O Bf8 13. Be3 a5 14. Rfd1 a4
15. Bc2 d4 16. cxd4 exd4 17. Bf4 a3 18. bxa3 Bxa3 19. Rab1 b4 20. Bb3 Bxb3
21. axb3 Nd5 22. Qd2 Nc3 23. Nf5 Re6 24. g4 Ra5 25. Kh2 Rc5 26. Rg1 Nxb1 27.
Rxb1 Rc3 28. h4 Na5 29. N3xd4 Rb6 30. Be5 f6 31. Bg3 c5 32. Ne2 Rxd3 33. Qc2
Rd2 34. Qxc5 Rxe2 35. Qxa5 Rd6 36. Qb5 Rdd2 37. Qc4+ Kh7 38. Kh3 Qd7 39. h5
Rc2 40. Qd5 Rcd2 41. Qc4 Rc2 42. Qd5 Red2 43. Qa5 Rd3 44. e5 Rxf2
45. exf6 Rdf3 46. Qe5 Rxf5 47. gxf5 Qxf5+ 48. Qxf5+ Rxf5 49. Bh4 gxf6 50.
Kg4 Rd5 51. Bxf6 Kg8 52. Rf1 {Game drawn by mutual agreement} 1/2-1/2

[Event "Iceland Championship"]
[Site "Hafnarfjordur, Iceland"]
[Date "2001.09.07"]
[Round "8"]
[White "Kristjansson, Stefan"]
[Black "Thorhallsson, Throstur"]
[Result "0-1"]
[ICCResult "White resigns"]
[WhiteElo "2380"]
[BlackElo "2456"]
[Opening "Sicilian: Richter-Rauzer, Rauzer attack, 7...a6"]
[ECO "B66"]
[NIC "SI.29"]
[Time "12:48:36"]
[TimeControl "7200+0"]

1. e4 c5 2. Nf3 Nc6 3. d4 cxd4 4. Nxd4 Nf6 5. Nc3 d6 6. Bg5 e6 7. Qd2 a6 8.
O-O-O h6 9. Nxc6 bxc6 10. Bf4 d5 11. Qe3 Be7 12. Be2 Qa5 13. Qg3 Kf8 14. Be5
Ra7 15. f4 Rb7 16. Rhf1 Rg8 17. exd5 cxd5 18. f5 exf5 19. Qd3 Rd7 20. Rxf5
Rd8 21. Bxf6 gxf6 22. Rxd5 Rxd5 23. Nxd5 Bd8 24. Bf3 Qxa2 25. Qc3 Be6 26.
Nxf6 Qa1+ 27. Kd2 Qa5 28. Nxg8 Qg5+ 29. Ke1 Kxg8 30. Rxd8+ Qxd8 31. Qb4 Qc7
32. Qe4 a5 33. g3 Qb6 34. Be2 Qxb2 35. Bd3 Qc1+ 36. Ke2 Qg5 37. c4 a4 38.
Kd1 Qh5+ 39. Kc1 Qxh2 40. Qe5 Qg1+ 41. Kc2 Qb6 42. Qc3 Qc5 43. Kb2 h5 44.
Ka2 f6 45. Kb2 Kf7 46. Be2 Kg7 47. Qd3 Bf5 48. Qc3 Qf2 49. Qf3 Qb6+ 50. Kc3
Bg4 {White resigns} 0-1

[Event "Iceland Championship"]
[Site "Hafnarfjordur, Iceland"]
[Date "2001.09.07"]
[Round "8"]
[White "Thorfinnsson, Bjorn"]
[Black "Bjornsson, Sigurbjorn"]
[Result "0-1"]
[ICCResult "White resigns"]
[WhiteElo "2220"]
[BlackElo "2297"]
[Opening "Trompovsky attack (Ruth, Opo\\v censk\\'y opening)"]
[ECO "A45"]
[NIC "QP.07"]
[Time "12:50:48"]
[TimeControl "7200+0"]

1. d4 Nf6 2. Bg5 e6 3. e3 c5 4. c3 cxd4 5. exd4 Be7 6. Nd2 b6 7. g3 Bb7 8.
Ngf3 d6 9. Bg2 Nbd7 10. O-O O-O 11. Re1 Rc8 12. Rc1 Re8 13. c4 Rc7 14. b4
Qa8 15. Nh4 Bxg2 16. Nxg2 h6 17. Bf4 Rcc8 18. Nb3 Bf8 19. a3 Qb7 20. Bd2 e5
21. Be3 Qa6 22. b5 Qxa3 23. Bd2 d5 24. c5 Qa4 25. c6 Nb8 26. dxe5 Ne4 27.
Be3 Qxb5 28. Nd4 Qb2 29. Qg4 Nc5 30. Nf5 Rxc6 31. Bd4 Qb4 32. Rb1 Qc4 33.
Nf4 Nd3 34. Nxd3 Qxd3 35. Rbd1 Qb3 36. Rb1 Qd3 37.
Rbd1 Qb3 38. Be3 Rg6 39. Qf4 Nc6 40. Bc1 Rxe5 41. Be3 Qb4 {White
resigns} 0-1